 Dungeon Crawl Stone Soup version 0.29.1-1-gd02db69 (webtiles) character file.

Game seed: 17161996667843396646

120 Kel the Sneak (level 5, -3/34 HPs)
             Began as an Octopode Brigand on Mar 21, 2023.
             Killed by divine providence
             ... invoked by an orc priest
              (15 damage)
             ... on level 3 of the Dungeon.
             The game lasted 00:07:31 (2100 turns).

Kel the Sneak (Octopode Brigand)                    Turns: 2100, Time: 00:07:32

Health: -3/34      AC:  1    Str: 11    XL:     5   Next: 4%
Magic:  5/5        EV: 12    Int: 25    God:
Gold:   139        SH:  0    Dex: 15    Spells: 4/4 levels left

rFire   + . .      SeeInvis .   c - +2 dagger (speed)
rCold   x . .      Faith    .   (no shield)
rNeg    . . .      Spirit   .   (helmet restricted)
rPois   .          Reflect  .   l - amulet of the acrobat
rElec   .          Harm     .   i - ring of fire
rCorr   .          Rampage  .   m - +6 ring of intelligence
Will    .....                   p - +6 ring of intelligence
Stlth   ++++......              (no ring)
HPRegen 0.11/turn               (no ring)
MPRegen 0.09/turn               (no ring)
                                (no ring)
                                (no ring)

@: no status effects
A: almost no armour, amphibious, 8 rings, camouflage 1, gelatinous body 1,
(nimble swimmer 1), tentacles
a: no special abilities


You were on level 3 of the Dungeon.
You visited 1 branch of the dungeon, and saw 3 of its levels.

You collected 139 gold pieces.

Inventory:

Hand Weapons
 c - a +2 dagger of speed (weapon)
Missiles
 b - 6 poisoned darts (quivered)
 h - a curare-tipped dart
Jewellery
 i - a ring of fire (left tentacle)
 l - an amulet of the acrobat (around mantle)
 m - a +6 ring of intelligence (right tentacle)
 p - a +6 ring of intelligence (on tentacle)
Wands
 n - a wand of digging (8)
Scrolls
 d - 2 scrolls of teleportation {unknown}
 f - 2 scrolls of identify {unknown}
 j - 3 scrolls of fear {unknown}
 k - a scroll of fog {unknown}
Potions
 a - 4 potions of haste {unknown}
 e - a potion of cancellation {unknown}
 g - 4 potions of curing {unknown}
 o - 2 potions of mutation {unknown}


   Skills:
 - Level 2.0 Fighting
 + Level 2.7 Short Blades
 + Level 3.5 Throwing
 - Level 1.0 Dodging
 + Level 6.8 Stealth


You had 4 spell levels left.
You didn't know any spells.
Your spell library contained the following spells:

 Spells                   Type           Power      Damage    Failure   Level
 Magic Dart               Conj           0%         1d3       14%         1
 Call Imp                 Summ           0%         N/A       21%         2
 Mephitic Cloud           Conj/Pois/Air  0%         N/A       38%         3


Dungeon Overview and Level Annotations

Branches:
Dungeon (3/15)

Altars:


Innate Abilities, Weirdness & Mutations

You cannot wear most types of armour.
You are amphibious.
You can wear up to eight rings at the same time.
Your skin changes colour to match your surroundings (Stealth+).
Your rubbery body absorbs attacks. (AC +1, EV +1)
((You are camouflaged when in or above water. (Stealth+)))
You have tentacles for arms and can constrict up to eight enemies at once.


Message History

The orc priest looks satisfied for a moment.
Things that are here:
a +0 mace; a +0 war axe; an orc corpse You closely miss the orc priest.
You grab the orc priest.
You squeeze the orc priest, but do no damage.
You constrict the orc priest, but do no damage.
An orc comes into view. It is wielding a +0 whip.
The orc priest misses you.
You hit the orc priest but do no damage.
You squeeze the orc priest.
The orc priest is lightly wounded.
You constrict the orc priest.
You hit the orc priest but do no damage.
You squeeze the orc priest, but do no damage.
The orc priest is lightly wounded.
You constrict the orc priest.
The orc priest hits you with a +0 flail.
You hit the orc priest but do no damage.
The orc priest is moderately wounded.
You constrict the orc priest, but do no damage.
You barely miss the orc priest.
The orc priest is moderately wounded.
You constrict the orc priest.
The orc priest invokes the aid of Beogh against you.
Beogh smites you!
You completely miss the orc priest.
You squeeze the orc priest, but do no damage.
The orc priest is moderately wounded.
You constrict the orc priest, but do no damage.
The orc priest looks encouraged for a moment.
You hit the orc priest but do no damage.
The orc priest is moderately wounded.
You constrict the orc priest.
You hit the orc priest but do no damage.
You squeeze the orc priest.
The orc priest is almost dead.
You constrict the orc priest, but do no damage.
The orc priest mumbles some strange prayers to Beogh against you.
Beogh smites you!
You die...

#......### #..#
#...o...##.####.#.
..o.......#......
................
#...............
#...........)... #
#...............
###.#########..........>....
..........)@oo..............
.......?.####...............
.........# ##..............
........## ##.....##.....#
........# #####.##.#.#.#
........# #.##..)..#
........# #.##.#.#.#
........# #.##.....#
######### #....[...#


You could see an orc priest and an orc.

Vanquished Creatures
  An orc priest (D:3)
  Ijyb (D:3)
  An adder (D:3)
  An orc (D:3)
  7 endoplasms
  2 giant cockroaches
  4 hobgoblins
  6 jackals (D:1)
  3 quokkas (D:1)
  5 ball pythons
  4 bats
  A frilled lizard (D:1)
  6 goblins
  4 kobolds
  4 rats
50 creatures vanquished.

Notes
Turn   | Place    | Note
-------+----------+-------------------------------------------
     0 | D:1      | Kel the Octopode Brigand began the quest for the Orb.
     0 | D:1      | Reached XP level 1. HP: 14/14 MP: 1/1
    51 | D:1      | Reached XP level 2. HP: 14/19 MP: 2/2
   345 | D:1      | Reached skill level 6 in Stealth
   389 | D:1      | Found a faded altar of an unknown god.
   487 | D:1      | Reached XP level 3. HP: 24/24 MP: 3/3
   764 | D:1      | You fall into a shaft and drop 1 floor!
  1895 | D:3      | Noticed Ijyb
  1905 | D:3      | Killed Ijyb
  1906 | D:3      | Reached XP level 4. HP: 29/29 MP: 4/4
  2088 | D:3      | Reached XP level 5. HP: 25/34 MP: 5/5
  2100 | D:3      | Killed from afar by an orc priest

Illustrated notes

Levels and vault maps discovered:
D:1:      roderic_dead_forest, layout_basic,
          hellmonk_ecumenical_altar_crossroads
D:2:      layout_loops_cross, minmay_misc_feat_enclosed
D:3:      layout_rooms, serial_glass, glass_columns_a, glass_columns_a,
          minmay_bisected, uniq_ijyb

Skill      XL: |  1  2  3 |
---------------+----------+-----
Stealth        | 6 |  6.8
Throwing       | 3 |  3.5
Fighting       | |  2.0
Short Blades   | |  2.7
Dodging        | |  1.0

Action                   |  1- 3 |  4- 6 || total
-------------------------+-------+-------++-------
Melee: Dagger            |    42 |    26 ||    68
       Tentacles         |     5 |    10 ||    15
       Constrict         |     3 |     5 ||     8
Throw: Dart              |    47 |       ||    47
 Stab: Sleeping          |     8 |     2 ||    10
Armor: Skin              |     3 |     1 ||     4
Dodge: Dodged            |    14 |    10 ||    24
